 Dungeon Crawl Stone Soup version 0.17-a0-1368-g6ab37f2 (webtiles) character file.

3451 patman2 the Grappler (level 9, -7/80 HPs)
             Began as a Troll Monk on June 12, 2015.
             Was a Priest of Cheibriados.
             Mangled by a blink frog (10 damage)
             ... on level 4 of the Lair of Beasts.
             The game lasted 00:12:52 (1783 turns).

patman2 the Grappler (Troll Monk)                   Turns: 1783, Time: 00:12:52

Health: -7/80      AC:  5    Str: 30    XL:     9   Next: 78%
Magic:  8/14       EV: 11    Int: 14    God:    Cheibriados [***...]
Gold:   136        SH:  0    Dex: 22    Spells: 0 memorised, 8 levels left

rFire  . . .     SeeInvis .       - Unarmed
rCold  . . .     Clarity  .     a - +0 robe
rNeg   . . .     SustAt   .     (no shield)
rPois  .         Gourm    +     (helmet restricted)
rElec  .         Spirit   .     (no cloak)
rCorr  .         Warding  .     (gloves unavailable)
rMut   +         Stasis   .     (boots unavailable)
MR     .....                    j - amulet of resist mutation
Stlth  +++.......               (no ring)
                                f - ring of stealth

@: very slow, not resistant to hostile enchantments, fairly stealthy
A: unfitting armour, claws 3, fast metabolism 3, gourmand, regeneration 2,
shaggy fur 1, tough skin 2
a: Bend Time, Temporal Distortion, Renounce Religion


You were on level 4 of the Lair of Beasts.
You worshipped Cheibriados.
Cheibriados was most pleased with you.
You were full.

You visited 2 branches of the dungeon, and saw 15 of its levels.

You collected 136 gold pieces.

Inventory:

Hand weapons
 k - a +0 blowgun
Missiles
 l - 19 poisoned needles
Armour
 a - a +0 robe (worn)
 n - a troll hide
Jewellery
 f - a ring of stealth (left claw)
 j - an amulet of resist mutation (around neck)
Magical devices
 t - a wand of draining (10)
Scrolls
 e - 2 scrolls of noise
 i - 3 scrolls of fog
 m - 5 scrolls of remove curse
 v - a scroll of magic mapping
Potions
 c - 2 potions of heal wounds
 d - 2 potions of degeneration
 h - 2 potions of flight
 o - 2 potions of mutation
 r - a potion of poison {unknown}
 s - a potion of lignification {unknown}
Books
 q - a book of Fire

   Spells                             Type                      Level
   a - Ignite Poison                  Fire/Transmutation/Poison    3
   b - Fireball                       Conjuration/Fire             5
   c - Bolt of Fire                   Conjuration/Fire             6
   d - Delayed Fireball               Conjuration/Fire             7
   e - Ring of Flames                 Charms/Fire                  7
 w - a book of Beasts

   Spells                             Type                      Level
   a - Summon Butterflies             Summoning                    1
   b - Call Canine Familiar           Summoning                    3
   c - Summon Ice Beast               Ice/Summoning                4
   d - Summon Mana Viper              Hexes/Summoning              5
   e - Summon Hydra                   Summoning                    7
Comestibles
 b - 3 bread rations
 g - a meat ration
 p - 4 fruits


   Skills:
 - Level 2.4 Fighting
 - Level 2.4 Dodging
 - Level 1.1 Stealth
 - Level 11.4 Unarmed Combat
 * Level 8.0 Invocations


You had 8 spell levels left.
You didn't know any spells.

Dungeon Overview and Level Annotations

Branches:
Dungeon (11/15)              Lair (4/8) D:9          Spider (0/4) Lair:4
 Temple: D:4-7        Swamp: Lair:3-6    Shoals: Lair:3-6       Orc: D:9-12

Altars:
Cheibriados
Okawaru
Qazlal

Shops:
D:11 ?


Innate Abilities, Weirdness & Mutations

You are too large for most types of armour.
You have claws for hands.
Your metabolism is lightning-fast.
You like to eat raw meat.
You heal very quickly.
You are covered in fur (AC +1).
You have very tough skin (AC +2).


Message History

The polar bear claws you.
* * * LOW HITPOINT WARNING * * *
The polar bear closely misses you. The blink frog misses you.
The blink frog blinks!
The polar bear completely misses you. The polar bear misses you.
The polar bear claws you.
* * * LOW HITPOINT WARNING * * *
Use which ability? (? or * to list)
You can't do that.
Use which ability? (? or * to list)
You can feel time thicken for a moment.
You kill the polar bear!
Cheibriados thoroughly appreciates the change of pace.
You kill the blink frog!
Cheibriados thoroughly appreciates the change of pace.
Your Invocations skill increases to level 8!
You feel somewhat less full.
You can no longer inflict damage on those overly hasty.
Cheibriados reduces the support of your attributes as your movement quickens.
The blink frog hits you!
You die...

##..#...##
######.#P#....## #
##..#P..........P #
###.........#..#.. .###
........#.......# #...##
.P...##..#......##P....#
.#########....##........
.# #.#..##..†.....# .#
##...##.@F...... .##
#..#....F...... ..#
#..##.......... .##
#.>.#........... .#
#...#........... .##
...#.#.##......P ..#
#....#### ##..### ..#
...## ### ###


You could see 2 blink frogs.

Vanquished Creatures
  An orb spider (Lair:4)
  An ugly thing (D:11)
  Joseph (D:7)
  A spiny frog (Lair:4)
  A troll (D:10)
  A polar bear (Lair:4)
  A blink frog (Lair:4)
  A hippogriff (Lair:1)
  3 wolves (Lair:1)
  An orc warrior (D:7)
  A black bear (D:8)
  A water moccasin (Lair:4)
  A crocodile (Lair:1)
  A gnoll sergeant (D:7)
  2 giant frogs (Lair:4)
  A big kobold (D:7)
  2 orc priests (D:11)
  3 iguanas
  3 orc wizards
  A worker ant (D:4)
  3 gnolls (D:7)
  3 adders
  3 giant geckos
  13 orcs
  4 bats
  2 goblins
  5 hobgoblins
  4 jackals (D:2)
  11 kobolds
  A giant newt (D:4)
  3 rats
80 creatures vanquished.

Vanquished Creatures (others)
  An orc (D:7)
  A hobgoblin (D:11)
2 creatures vanquished.

Grand Total: 82 creatures vanquished

Notes
Turn   | Place    | Note
--------------------------------------------------------------
     0 | D:1      | patman2 the Troll Monk began the quest for the Orb.
     0 | D:1      | Reached XP level 1. HP: 22/22 MP: 0/0
    76 | D:2      | Reached XP level 2. HP: 27/29 MP: 1/1
   276 | D:4      | Reached skill level 5 in Unarmed Combat
   301 | D:4      | Reached XP level 3. HP: 18/36 MP: 2/2
   343 | D:5      | Entered Level 5 of the Dungeon
   385 | D:5      | Reached XP level 4. HP: 9/44 MP: 3/3
   456 | D:5      | Found a stormy altar of Qazlal.
   456 | D:5      | Found an iron altar of Okawaru.
   457 | D:5      | Found a snail-covered altar of Cheibriados.
   469 | D:5      | Became a worshipper of Cheibriados the Contemplative
   469 | D:5      | Acquired Cheibriados's first power
   576 | D:7      | Noticed Joseph
   579 | D:7      | Noticed an orc warrior
   609 | D:6      | Reached skill level 6 in Unarmed Combat
   655 | D:7      | Killed an orc warrior
   655 | D:7      | Reached skill level 7 in Unarmed Combat
   655 | D:7      | Reached XP level 5. HP: 27/50 MP: 4/4
   663 | D:7      | Reached XP level 6. HP: 21/59 MP: 5/5
   761 | D:7      | Killed Joseph
   761 | D:7      | Reached skill level 8 in Unarmed Combat
   761 | D:7      | Reached XP level 7. HP: 29/66 MP: 6/6
   820 | D:7      | Noticed a big kobold
   835 | D:7      | Killed a big kobold
   835 | D:7      | Reached skill level 9 in Unarmed Combat
   903 | D:9      | You fall through a shaft for 2 floors!
   903 | D:11     | Found Laliti's Magic Scroll Shop.
   905 | D:11     | Noticed a brown ugly thing
   907 | D:11     | Acquired Cheibriados's second power
   909 | D:11     | Noticed a yak
   912 | D:11     | Noticed a yak
   914 | D:11     | Noticed a troll
   915 | D:11     | Noticed a hornet simulacrum
   915 | D:11     | Noticed a yak
   917 | D:11     | Noticed a yak
   921 | D:11     | Noticed a yak
   922 | D:11     | Noticed a wraith
   922 | D:11     | Killed a cyan ugly thing
   922 | D:11     | Reached skill level 10 in Unarmed Combat
   922 | D:11     | Reached XP level 8. HP: 49/74 MP: 7/7
   932 | D:10     | Entered Level 10 of the Dungeon
   937 | D:10     | Killed a troll
   937 | D:10     | Reached skill level 11 in Unarmed Combat
   939 | D:10     | HP: 3/74 [hobgoblin (3)]
  1213 | D:9      | Found a staircase to the Lair.
  1228 | Lair:1   | Entered Level 1 of the Lair of Beasts
  1348 | Lair:1   | Reached XP level 9. HP: 63/80 MP: 8/11
  1588 | Lair:4   | Found a hole to the Spider Nest.
  1588 | Lair:4   | Noticed an orb spider
  1623 | Lair:4   | Killed an orb spider
  1623 | Lair:4   | Reached skill level 5 in Invocations
  1657 | Lair:4   | Noticed a spiny frog
  1663 | Lair:4   | Killed a spiny frog
  1687 | Lair:4   | Acquired Cheibriados's third power
  1729 | Lair:4   | Noticed a six-headed hydra
  1782 | Lair:4   | HP: 3/80 [polar bear (3)]
  1783 | Lair:4   | Mangled by a blink frog

Vault maps used:
D:1:      denvon_arrival_planthouse, bh_walls_and_bars
D:3:      ecumenical_altar_1, minmay_bisected
D:4:      serial_shops, shop
D:5:      gammafunk_temple_overflow_claw, lemuel_doored_altar, first_bread
D:6:      minmay_temple_entry_overgrown
D:7:      lemuel_crystal_altar, the_bakery, uniq_crazy_yiuf_cottage, uniq_joseph
D:8:      kennysheep_kobold_camp, centaur_isle
D:9:      wad_statue_garden, lair_0_dummy
D:10:     erik_orc_3, serial_shops, shop, uniq_harold
D:11:     serial_shops, shop, nicolae_shop_crystal, tgw_sif
Lair:1:   beast_lair_carwin_2
Lair:2:   infiniplex_staircase_pool, uniq_fannar
Lair:3:   shoals_dummy_entry
Lair:4:   beast_lair_carwin_large_2, nicolae_spider_entry_orb_guardian

Action                   |  1- 3 |  4- 6 |  7- 9 || total
-------------------------+-------+-------+-------++-------
Melee: Unarmed           |    74 |    48 |   100 ||   222
Invok: Slouch            |       |       |     1 ||     1
  Use: Scroll            |       |     2 |    11 ||    13
       Potion            |       |     1 |     1 ||     2
 Stab: Sleeping          |     1 |       |     4 ||     5
       Distracted        |     1 |     1 |       ||     2
       Invisible         |       |     9 |     7 ||    16
  Eat: Chunk             |     9 |     1 |     5 ||    15
